 Dungeon Crawl Stone Soup version 0.21-a0-426-g98080a9 (webtiles) character file.

137 mortelune the Chopper (level 5, -8/47 HPs)
             Began as a Minotaur Fighter on Nov 5, 2017.
             Killed by nerve-wracking pain
             ... invoked by an orc priest
              (12 damage)
             ... on level 2 of the Dungeon.
             The game lasted 00:09:35 (1881 turns).

mortelune the Chopper (Minotaur Fighter)            Turns: 1881, Time: 00:09:36

Health: -8/47      AC:  9    Str: 26    XL:     5   Next: 0%
Magic:  4/4        EV:  6    Int:  5    God:
Gold:   168        SH: 10    Dex: 10    Spells: 4/4 levels left

rFire    . . .     SeeInvis .   a - +0 war axe
rCold    . . .     Gourm    .   c - +0 shield
rNeg     . . .     Faith    .   y - +0 chain mail
rPois    .         Spirit   .   (helmet restricted)
rElec    .         Reflect  .   (no cloak)
rCorr    .         Harm     .   (no gloves)
MR       .....                  (no boots)
Stlth    ..........             (no amulet)
HPRegen  0.15/turn              (no ring)
MPRegen  0.09/turn              (no ring)

@: mighty
A: retaliatory headbutt, horns 2
a: no special abilities


You were on level 2 of the Dungeon.
You were not hungry.

You visited 1 branch of the dungeon, and saw 3 of its levels.

You collected 168 gold pieces.

Inventory:

Hand Weapons
 a - a +0 war axe (weapon)
 n - a +0 hunting sling
 r - a +0 hunting sling
 x - a +0 hunting sling
Missiles
 t - 89 stones (quivered)
Armour
 b - a +0 scale mail
 c - a +0 shield (worn)
 g - a +0 shield
 y - a +0 chain mail (worn)
Wands
 o - a wand of flame (29/48)
Scrolls
 e - 2 scrolls of identify
 j - a scroll of immolation {unknown}
 l - a scroll of enchant weapon {unknown}
 v - 2 scrolls of fog {unknown}
 B - a scroll of fear {unknown}
Potions
 d - a potion of might
 h - a potion of agility {unknown}
 i - a potion of brilliance
 k - 2 potions of flight
 m - a potion of curing {unknown}
 p - 2 potions of lignification
 q - a potion of magic {unknown}
 s - a potion of degeneration {unknown}
 w - a potion of cancellation {unknown}
 A - a potion of heal wounds {unknown}
Comestibles
 f - 3 bread rations
 u - a royal jelly


   Skills:
 + Level 4.6 Fighting
 * Level 4.8 Axes
 + Level 4.6 Armour
 - Level 3.6 Shields


You had 4 spell levels left.
You didn't know any spells.

Dungeon Overview and Level Annotations

Branches:
Dungeon (3/15)

Altars:
Cheibriados
Nemelex Xobeh
Vehumet
Xom
Zin


Innate Abilities, Weirdness & Mutations

You reflexively headbutt those who attack you in melee.
You have a pair of horns on your head.


Message History

Your shield and chain mail prevent you from hitting the orc.
The orc hits you with a short sword.
* * * LOW HITPOINT WARNING * * *
The orc priest mumbles some strange prayers to Beogh against you.
Beogh smites you!
* * * LOW HITPOINT WARNING * * *
The orc hits you but does no damage.
You feel very mighty all of a sudden. You block the orc priest's attack.
The orc hits you but does no damage.
You barely miss the orc priest.
The orc priest is almost dead.
You slash the orc!
You kill the orc!
You have reached level 5!
The orc priest barely misses you.
You closely miss the orc priest. Your headbutt misses the orc priest.
The orc priest is almost dead.
The orc priest invokes the aid of Beogh against you.
Pain shoots through your body!
You die...

##....# #.##...........###.#
#.
###..#..###.#............#...#
##
#...##.....................###
..######.###.......####..###
..<......# #.......#>...##
########## ##........####
##..)..#### #...)...#
#..).@..## #....o...##
##.....#..# #..._....##
##.........# #..........#
#._..8.....# #..........#
##....._.#.#


You could see an orc priest.

Vanquished Creatures
  An orc wizard (D:3)
  Robin (D:2)
  An adder (D:2)
  An ooze (D:2)
  A worm (D:1)
  3 dart slugs
  2 leopard geckos (D:1)
  6 orcs
  8 bats
  A giant cockroach (D:2)
  14 goblins
  9 hobgoblins
  6 kobolds (D:2)
  A quokka (D:2)
  5 frilled lizards
  7 rats
67 creatures vanquished.

Notes
Turn   | Place    | Note
-------+----------+-------------------------------------------
     0 | D:1      | mortelune the Minotaur Fighter began the quest for the Orb.
     0 | D:1      | Reached XP level 1. HP: 19/19 MP: 0/0
    77 | D:1      | Reached XP level 2. HP: 27/27 MP: 1/1
   502 | D:2      | Reached XP level 3. HP: 25/33 MP: 2/2
   737 | D:2      | Noticed Robin
   774 | D:2      | Killed Robin
   774 | D:2      | Reached XP level 4. HP: 12/41 MP: 3/3
  1104 | D:2      | Found a radiant altar of Vehumet.
  1107 | D:2      | Found a snail-covered altar of Cheibriados.
  1126 | D:2      | Found a shimmering altar of Xom.
  1218 | D:2      | Found a glowing silver altar of Zin.
  1300 | D:2      | Found a sparkling altar of Nemelex Xobeh.
  1880 | D:2      | Reached XP level 5. HP: 3/47 MP: 4/4
  1881 | D:2      | Killed from afar by an orc priest

Vault maps used:
D:1:      roderic_dead_forest, st_stairs_10, fountainhead
D:2:      zin_academy, nemelex_altar_shiori, grunt_temple_overflow_open,
          small_statue_intersection, minmay_bisected, uniq_robin
D:3:      first_bread

Skill      XL: |  1  2  3 |
---------------+----------+-----
Axes           | 3 4 |  4.8
Armour         | 4 |  4.6
Fighting       | 4 |  4.6
Shields        | |  3.6

Action                   |  1- 3 |  4- 6 || total
-------------------------+-------+-------++-------
Melee: War axe           |    72 |    66 ||   138
       Headbutt          |    16 |    10 ||    26
 Fire: Hunting sling     |       |     3 ||     3
  Use: Scroll            |     2 |     1 ||     3
       Potion            |       |     1 ||     1
  Eat: Chunk             |       |     3 ||     3
Armor: Scale mail        |    24 |    13 ||    37
       Chain mail        |       |    26 ||    26
Dodge: Dodged            |    19 |    18 ||    37
Block: Shield            |    30 |    47 ||    77

Table legend:
 A = Spawn XP
 B = Non-spawn XP
 C = Spawn XP percentage of total XP
 D = Spawn monster count
 E = Non-spawn monster count
 F = Spawn count percentage of total count
 G = Total turns spent on level
                    A         B        C        D         E        F      G
               +---------+---------+-------+---------+---------+-------+---------
         Total |       0 |     196 |   0.0 |       0 |      67 |   0.0 |  1881
               +---------+---------+-------+---------+---------+-------+---------
           D:1 |       0 |      44 |   0.0 |       0 |      20 |   0.0 |   565
           D:2 |       0 |      90 |   0.0 |       0 |      34 |   0.0 |  1040
           D:3 |       0 |      62 |   0.0 |       0 |      13 |   0.0 |   276
               +---------+---------+-------+---------+---------+-------+---------
